 Dungeon Crawl Stone Soup version 0.30-a0-365-ge7f957f1db (webtiles) character file.

Game seed: 16441861283295549392

135 qeuew the Shield-Bearer (level 5, -2/42 HPs)
             Began as a Formicid Fighter on Nov 17, 2022.
             Was an Initiate of Wu Jian.
             Slain by a water moccasin (4 damage)
             ... on level 6 of the Dungeon.
             The game lasted 00:03:28 (1850 turns).

qeuew the Shield-Bearer (Formicid Fighter)          Turns: 1850, Time: 00:03:28

Health: -2/42      AC:  7    Str: 17 (18) XL:     5   Next: 42%
Magic:  5/5        EV:  9    Int:  6 (8)  God:    Wu Jian [......]
Gold:   171        SH:  6    Dex: 15      Spells: 4/4 levels left

rFire   . . .      SeeInvis +    a - +0 war axe
rCold   . . .      Faith    .    c - +1 buckler
rNeg    . . .      Spirit   .    b - +0 scale mail
rPois   .          Reflect  .    (helmet unavailable)
rElec   .          Harm     .    (no cloak)
rCorr   .          Rampage  .    (no gloves)
Will    .....                    (no boots)
Stlth   ..........               (no amulet)
HPRegen 0.27/turn                (no ring)
MPRegen 0.09/turn                (no ring)

@: mighty
A: permanent stasis, dig shafts and tunnels, antennae 3, four strong arms,
deterioration 1, weak 1
a: Dig, Shaft Self, Renounce Religion


You were on level 6 of the Dungeon.
You worshipped Wu Jian.
Wu Jian was noncommittal.
You visited 1 branch of the dungeon, and saw 4 of its levels.

You collected 171 gold pieces.

Inventory:

Hand Weapons
 a - a +0 war axe (weapon)
Armour
 b - a +0 scale mail (worn)
 c - a +1 buckler (worn)
Jewellery
 e - an amulet of the acrobat
 j - an amulet of regeneration
Scrolls
 m - a scroll of butterflies
Potions
 d - a potion of might
 h - a potion of curing
 k - a potion of berserk rage


   Skills:
 + Level 3.9 Fighting
 + Level 2.8 Axes
 * Level 4.5 Armour
 + Level 1.3 Dodging
 + Level 4.7 Shields


You had 4 spell levels left.
You didn't know any spells.
Your spell library was empty.

Dungeon Overview and Level Annotations

Branches:
Dungeon (3/15)

Altars:
Wu Jian

Shops:
D:1 !


Innate Abilities, Weirdness & Mutations

You cannot be hasted, slowed, berserked, paralysed or teleported.
You can dig through walls and to a lower floor.
You have a pair of large antennae on your head. (SInv)
Your four strong arms can wield two-handed weapons with a shield.
Your body sometimes deteriorates upon taking damage.
You are weak. (Str -2)


Message History

You are lethally poisoned!
The water moccasin poisons you!
You feel better. The water moccasin bites you!
* * * LOW HITPOINT WARNING * * *
The water moccasin barely misses you.
You miss the water moccasin.
The water moccasin is lightly wounded.
The water moccasin bites you but does no damage.
The water moccasin closely misses you.
You closely miss the water moccasin.
The water moccasin is lightly wounded.
You block the water moccasin's attack. The water moccasin bites you.
* * * LOW HITPOINT WARNING * * *
Unknown command.
Okay, then.
You closely miss the water moccasin.
The water moccasin is lightly wounded.
You block the water moccasin's attack.
The water moccasin bites you but does no damage.
Unknown command.
You closely miss the water moccasin.
The water moccasin is lightly wounded.
The water moccasin bites you but does no damage.
The water moccasin bites you.
* * * LOW HITPOINT WARNING * * *
Unknown command.
You miss the water moccasin.
The water moccasin is lightly wounded.
The water moccasin bites you.
* * * LOW HITPOINT WARNING * * *
Unknown command.
You closely miss the water moccasin.
The water moccasin is lightly wounded.
You block the water moccasin's attack.
The water moccasin bites you but does no damage. x2
Unknown command.
You slash the water moccasin!
The water moccasin is heavily wounded.
The water moccasin bites you.
You die...

.## #..# ..###...##
......... #......#
#......# .## ##
##......# ..###.. .
##..S....# ........
...#...@....#
#.......
............# #......
....##......#####...#
### ##............#
##...........#####
#..######........
#..# ##)...... ##..#
##.)......
#....####.........


You could see a water moccasin.

Vanquished Creatures
  An orc priest (D:6)
  2 gnolls
  2 adders (D:2)
  An ufetubus (D:6)
  A worm (D:2)
  4 orcs
  6 bats
  6 endoplasms
  3 giant cockroaches
  3 goblins
  6 hobgoblins
  4 jackals (D:1)
  4 kobolds
  A quokka (D:1)
  4 ball pythons
  3 frilled lizards
  2 rats (D:1)
53 creatures vanquished.

Vanquished Creatures (others)
  3 plants (D:2)
3 creatures vanquished.

Grand Total: 56 creatures vanquished

Notes
Turn   | Place    | Note
-------+----------+-------------------------------------------
     0 | D:1      | qeuew the Formicid Fighter began the quest for the Orb.
     0 | D:1      | Reached XP level 1. HP: 18/18 MP: 1/1
    17 | D:1      | Reached XP level 2. HP: 22/24 MP: 2/2
    85 | D:1      | Found Voudilep's Distillery.
   185 | D:1      | Reached XP level 3. HP: 25/29 MP: 3/3
   712 | D:2      | Found an ornate altar of the Wu Jian Council.
   735 | D:2      | Became a worshipper of the Wu Jian Council
   762 | D:2      | Reached XP level 4. HP: 28/36 MP: 4/4
   890 | D:2      | Reached skill level 1 in Dodging
  1266 | D:2      | You fall into a shaft and drop 1 floor!
  1537 | D:2      | Gained mutation: Your body sometimes deteriorates upon
                  | taking damage. [potion of mutation]
  1537 | D:2      | Gained mutation: You are weak. (Str -2) [potion of
                  | mutation]
  1633 | D:3      | You fall into a shaft and drop 3 floors!
  1784 | D:6      | Reached XP level 5. HP: 42/42 MP: 5/5
  1834 | D:6      | Noticed a water moccasin
  1848 | D:6      | HP: 2/42 [water moccasin (2)]
  1850 | D:6      | Slain by a water moccasin

Illustrated notes

Levels and vault maps discovered:
D:1:      matt_arrival_debris, layout_basic, serial_shops, shop,
          minmay_crystal_room
D:2:      layout_basic, basic_altar, serial_bayou, serial_bayou_shore_b,
          serial_bayou_pond_d, serial_bayou_lagoon_b, serial_bayou_pond_e,
          serial_bayou_ford_a
D:3:      layout_basic, hellmonk_okawaru_the_only_friend_you_need,
          lexackson_kobold_supper
D:6:      layout_layer_cave, led_sif_pool, nicolae_dithmenos_shadow_blocks,
          fountainhead, uniq_sigmund

Skill      XL: |  1  2  3  4 |
---------------+-------------+-----
Armour         | 4 |  4.5
Dodging        | 1 |  1.3
Fighting       | |  3.9
Axes           | |  2.8
Shields        | |  4.7

Action                   |  1- 3 |  4- 6 || total
-------------------------+-------+-------++-------
Melee: War axe           |    83 |    61 ||   144
Invok: Lunge             |       |     9 ||     9
 Abil: Shaft Self        |       |     1 ||     1
  Use: Scroll            |     5 |     3 ||     8
       Potion            |     3 |     4 ||     7
Armor: Scale mail        |    38 |    28 ||    66
Dodge: Dodged            |    42 |    28 ||    70
Block: Buckler           |    27 |    26 ||    53

Table legend: (Time is in decaauts)
 A = Elapsed time spent in this place.
 B = Non-inter-level travel time spent in this place.
 C = Inter-level travel time spent in this place.
 D = Time resting spent in this place.
 E = Time spent auto-exploring this place.
 F = Levels seen in this place.
 G = Mean time per level.
                   A        B        C        D        E       F      G
               +--------+--------+--------+--------+--------+-----+--------+
         Total |   1933 |   1895 |     38 |     28 |   1496 |   4 |  483.2 |
       Dungeon |   1933 |   1895 |     38 |     28 |   1496 |   4 |  483.2 |
               +--------+--------+--------+--------+--------+-----+--------+

Top non-repeatable levels by time:
     D:2: 817 daAuts
     D:1: 732 daAuts
     D:6: 224 daAuts
     D:3: 158 daAuts
